 Dungeon Crawl Stone Soup version 0.20-a0-1116-gaa52201 (webtiles) character file.

28621 Lochraine the Fighter (level 13, -5/141 HPs)
             Began as an Ogre Wizard on May 8, 2017.
             Was the Champion of Okawaru.
             Slain by a soldier ant (14 damage)
             ... on level 5 of the Lair of Beasts.
             The game lasted 01:09:38 (23698 turns).

Lochraine the Fighter (Ogre Wizard)                Turns: 23698, Time: 01:09:39

Health: -5/141     AC: -13   Str: 14    XL:     13   Next: 40%
Magic:  15/23      EV: 14    Int: 29    God:    Okawaru [******]
Gold:   1028       SH:  2    Dex: 12    Spells: 11/26 levels left

rFire    + . .     SeeInvis +   h - +5 eveningstar (vamp)
rCold    x . .     Gourm    .   (no shield)
rNeg     . . .     Faith    .   b - +0 robe of the Princess {+Inv rElec rC- Dex+4}
rPois    .         Spirit   .   c - +2 hat {Int+3}
rElec    +         Reflect  +   D - +1 cloak {+Inv}
rCorr    .         Harm     .   (gloves unavailable)
MR       ++...                  (boots unavailable)
Stlth    ++........             X - +2 amulet of reflection
Regen    0.4/turn               E - ring of Vipnol {+Fly rF+ Int+4 SInv}
MPRegen  0.2/turn               t - ring of protection from magic

@: corroded, very slightly contaminated, hasted, very quick
A: unfitting armour, tough skin 1
a: Heroism, Finesse, Renounce Religion, Evoke Invisibility, Evoke Flight


You were on level 5 of the Lair of Beasts.
You worshipped Okawaru.
Okawaru was exalted by your worship.
You were not hungry.

You visited 3 branches of the dungeon, and saw 17 of its levels.

You collected 1158 gold pieces.
You spent 130 gold pieces at shops.

Inventory:

Hand Weapons
 a - a +2 giant spiked club of draining
 h - a +5 vampiric eveningstar (weapon)
 y - a +2 great mace of crushing
 U - a +6 mace of holy wrath
Armour
 b - the +0 robe of the Princess (worn) {+Inv rElec rC- Dex+4}
   (Okawaru gifted it to you on level 4 of the Lair of Beasts)

   It affects your dexterity (+4).
   It makes you vulnerable to cold.
   It insulates you from electricity.
   It lets you turn invisible.
 c - a +2 hat of intelligence (worn)
 D - a +1 cloak of invisibility (worn)
Jewellery
 o - an uncursed amulet of guardian spirit
 t - a ring of protection from magic (right hand)
 v - an uncursed ring of protection from fire
 E - the ring of Vipnol (left hand) {+Fly rF+ Int+4 SInv}
   (You found it on level 8 of the Dungeon)

   [ring of intelligence]

   It affects your intelligence (+4).
   It protects you from fire.
   It lets you see invisible.
   It lets you fly.
 F - the ring of Surprise {+Blink rPois rC- MP+9 Str+4}
   (You found it on level 8 of the Dungeon)

   [ring of strength]

   It affects your strength (+4).
   It makes you vulnerable to cold.
   It protects you from poison.
   It affects your magic capacity (+9).
   It lets you blink.
 N - an uncursed ring of ice
 X - a +2 amulet of reflection (around neck)
Wands
 e - a wand of confusion (25/48)
 i - a wand of disintegration (16/24)
 m - a wand of digging (5/24)
 p - a wand of iceblast (3/15)
 q - a wand of acid (0/15)
 s - a wand of iceblast (5/15)
 u - a wand of scattershot (5/9)
 B - a wand of confusion (30/48)
 H - a wand of clouds (3/9)
 T - a wand of lightning (2/15)
 Y - a wand of disintegration (13/24)
Scrolls
 f - 2 scrolls of amnesia
 j - 3 scrolls of identify
 A - a scroll of brand weapon
 G - 5 scrolls of magic mapping
 I - a scroll of remove curse
 Q - a scroll of immolation
Potions
 k - 3 potions of mutation
 l - a potion of agility
 n - a potion of flight
 w - a potion of berserk rage
 x - a potion of ambrosia
 K - 3 potions of curing
 L - a potion of magic
 M - 2 potions of haste
 O - a potion of brilliance
 P - 2 potions of might
 Z - a potion of resistance
Books
 J - a book of Geomancy

   Spells                             Type                      Level
   a - Sandblast                      Earth                        1
   b - Passwall                       Transmutation/Earth          2
   c - Stone Arrow                    Conjuration/Earth            3
   d - Petrify                        Transmutation/Earth          4
   e - Lee's Rapid Deconstruction     Earth                        5
 R - a book of Callings

   Spells                             Type                      Level
   a - Summon Small Mammal            Summoning                    1
   b - Call Imp                       Summoning                    2
   c - Call Canine Familiar           Summoning                    3
   d - Summon Guardian Golem          Hexes/Summoning              3
   e - Summon Lightning Spire         Summoning/Air                4
   f - Summon Ice Beast               Ice/Summoning                4
 W - a book of Enchantments

   Spells                             Type                      Level
   a - Cause Fear                     Hexes                        4
   b - Yara's Violent Unravelling     Hexes/Transmutation          5
   c - Silence                        Hexes/Air                    5
   d - Deflect Missiles               Charms/Air                   6
   e - Discord                        Hexes                        8
Comestibles
 d - 13 bread rations
 g - 5 royal jellies
 S - a meat ration
 V - 3 fruits


   Skills:
 + Level 12.6 Fighting
 + Level 10.2 Maces & Flails
 - Level 8.3 Dodging
 - Level 1.4 Stealth
 - Level 7.1 Spellcasting
 - Level 3.9 Conjurations
 + Level 7.6 Summonings
 - Level 0.8 Translocations
 + Level 5.1 Air Magic
 - Level 6.2 Invocations
 + Level 4.2 Evocations


You had 11 spell levels left.
You knew the following spells:

 Your Spells              Type           Power        Failure   Level  Hunger
a - Magic Dart            Conj           ####         1%          1    None
b - Call Imp              Summ           ######..     1%          2    None
c - Blink                 Tloc           N/A          5%          2    None
d - Conjure Flame         Conj/Fire      ###.....     7%          3    None
e - Mephitic Cloud        Conj/Pois/Air  ####....     4%          3    None
f - Summon Lightning Spi  Summ/Air       #####...     3%          4    ##.....


Dungeon Overview and Level Annotations

Branches:
Dungeon (11/15)            Temple (1/1) D:7            Lair (5/6) D:11
  Swamp (0/4) Lair:4       Spider (0/4) Lair:3        Slime (0/5) Lair:5
    Orc (0/2) D:11

Altars:
Ashenzari
Cheibriados
Dithmenos
Elyvilon
Fedhas
Gozag
Hepliaklqana
Kikubaaqudgha
Makhleb
Nemelex Xobeh
Okawaru
Qazlal
Ru
Sif Muna
Trog
Uskayaw
Vehumet
Wu Jian
Xom
Yredelemnul
Zin
The Shining One

Shops:
D:8 ?

Annotations:
Lair:3 exclusion: 2 oklob plants


Innate Abilities, Weirdness & Mutations

You are too large for most types of armour.
You have tough skin. (AC +1)


Message History

Confirm with . or Enter, or press ? or * to list all spells.
You blink.
A soldier ant comes into view.
The worker ant bites the plant.
Casting: Blink
Confirm with . or Enter, or press ? or * to list all spells.
You blink.
The worker ant twitches its antennae in your direction.
A worker ant comes into view.
The worker ant twitches its antennae in your direction.
Casting: Blink
Confirm with . or Enter, or press ? or * to list all spells.
You blink.
The worker ant closely misses you.
The worker ant bites the plant but does no damage.
Casting: Blink
Confirm with . or Enter, or press ? or * to list all spells.
You blink.
A worker ant comes into view.
The soldier ant stings you!
You die...

..#### ...#.#
###############
....####.#...#.#.#)..###
..................a....#
........#######♣a..###.#
........# ##a♣P#♣##.##
........# #.§.♣$.##..##
........##....#a♣♣)#♣#..P#
#.......##.#####@≈♣P.a...#
##......# #...!Pa≈≈†♣P.###
........##.#a##a.♣≈♣.###
##......# ##aP.P♣#
###.#...# #a§..♣# #
#≈...a#P♣..P#
###.#..#.♣.## # ..
.###♣.$# # # .#


PP# You could see 3 soldier ants and 3 worker ants.

Vanquished Creatures
  Gastronok (Lair:1)
  2 entropy weavers (Lair:5)
  Josephine (Lair:4)
  2 hell beasts (D:11)
  2 hydras
  A catoblepas (Lair:5)
  A two-headed ogre (D:9)
  Nergalle (D:11)
  An unseen horror (D:11)
  An orb spider (Lair:3)
  2 ugly things (D:11)
  10 elephants
  Joseph (D:7)
  5 spiny frogs
  An orange demon (D:11)
  3 komodo dragons
  A troll (D:10)
  2 slime creatures (Lair:5)
  3 blink frogs (Lair:3)
  7 hippogriffs
  2 wraiths
  2 hungry ghosts
  12 yaks
  2 soldier ants (Lair:5)
  8 water moccasins
  A swamp drake (D:11)
  4 porcupines
  An orc warrior (D:9)
  A sky beast (D:6)
  5 ice beasts
  A hornet zombie (D:6)
  A phantom (D:6)
  6 ogres
  3 centaurs
  9 crocodiles
  2 big kobolds
  11 bullfrogs
  2 wyvern zombies
  A gnoll sergeant (D:11)
  A scorpion (D:11)
  A water moccasin skeleton (D:7)
  6 killer bees (D:10)
  8 howler monkeys
  2 centaur zombies (D:11)
  A crimson imp (D:9)
  3 bullfrog zombies
  2 jellies
  4 orc priests
  4 bullfrog skeletons
  A centaur skeleton (D:8)
  6 hounds
  2 orc wizards
  4 iguanas
  5 worker ants
  A hound skeleton (D:9)
  12 gnolls
  8 adders
  3 shadow imps
  2 adder skeletons
  3 worms
  3 dart slugs
  6 leopard geckos
  29 orcs
  A ball python (D:3)
  7 bats
  3 giant cockroaches
  5 goblins
  4 hobgoblins
  10 jackals
  11 kobolds
  A quokka (D:5)
  5 frilled lizards
  A quokka zombie (D:9)
  6 rats
293 creatures vanquished.

Vanquished Creatures (collateral kills)
  2 hydras
  Maurice (D:8)
  A spiny frog (Lair:3)
  2 komodo dragons (Lair:3)
  2 blink frogs (Lair:3)
  A yak (Lair:1)
  A wraith (Lair:5)
  2 basilisks (Lair:1)
  Menkaure (D:5)
  A water moccasin (Lair:2)
  A porcupine (Lair:3)
  A sky beast (D:5)
  A black bear (D:7)
  3 ogres
  Blork the orc (D:6)
  2 bullfrogs
  3 howler monkeys
  A jelly (D:9)
  An orc wizard (D:5)
  2 hound skeletons
  A gnoll (D:11)
  A worm (D:1)
  An orc (D:5)
  2 jackals
35 creatures vanquished.

Vanquished Creatures (others)
  A hornet zombie (D:7)
  A fungus (Lair:1)
  A plant (Lair:3)
3 creatures vanquished.

Grand Total: 331 creatures vanquished

Notes
Turn   | Place    | Note
-------+----------+-------------------------------------------
     0 | D:1      | Lochraine the Ogre Wizard began the quest for the Orb.
     0 | D:1      | Reached XP level 1. HP: 16/16 MP: 5/5
    35 | D:1      | Reached skill level 1 in Conjurations
   454 | D:1      | Reached XP level 2. HP: 24/24 MP: 4/6
   459 | D:1      | Learned a level 2 spell: Call Imp
   803 | D:1      | Reached skill level 1 in Summonings
  1079 | D:1      | Reached XP level 3. HP: 18/32 MP: 0/8
  1554 | D:2      | Reached skill level 1 in Fighting
  2317 | D:3      | Reached XP level 4. HP: 41/41 MP: 6/10
  2437 | D:3      | Learned a level 2 spell: Blink
  2441 | D:3      | Learned a level 3 spell: Conjure Flame
  3050 | D:3      | Reached skill level 2 in Fighting
  3555 | D:4      | Reached XP level 5. HP: 50/50 MP: 4/11
  4628 | D:5      | Entered Level 5 of the Dungeon
  4657 | D:4      | Reached skill level 3 in Fighting
  4657 | D:4      | Reached XP level 6. HP: 36/61 MP: 6/13
  4786 | D:4      | Reached skill level 5 in Spellcasting
  4927 | D:5      | Found a shadowy altar of Dithmenos.
  5066 | D:5      | Noticed Menkaure
  5122 | D:5      | Killed Menkaure
  5344 | D:5      | HP: 1/61 [orc/falchion (7)]
  5346 | D:5      | Reached XP level 7. HP: 37/67 MP: 3/14
  5583 | D:5      | Learned a level 3 spell: Mephitic Cloud
  5858 | D:6      | Noticed Blork the orc
  5868 | D:6      | Killed Blork the orc
  5868 | D:6      | Reached skill level 4 in Fighting
  6626 | D:6      | Reached skill level 1 in Maces & Flails
  6626 | D:6      | Reached XP level 8. HP: 65/79 MP: 1/16
  6756 | D:6      | Found a hide-covered altar of Uskayaw.
  6840 | D:6      | Reached skill level 5 in Fighting
  7163 | D:6      | Found a white marble altar of Elyvilon.
  7184 | D:6      | Found a snail-covered altar of Cheibriados.
  7194 | D:6      | HP: 2/120 [hornet zombie (6)]
  7946 | D:7      | Noticed Joseph
  8158 | D:7      | Reached skill level 6 in Fighting
  8158 | D:7      | Reached XP level 9. HP: 83/89 MP: 12/19
  8181 | D:7      | Killed Joseph
  9126 | D:7      | Found a staircase to the Ecumenical Temple.
  9135 | Temple   | Entered the Ecumenical Temple
  9355 | Temple   | Became a worshipper of Warmaster Okawaru
  9922 | D:8      | Noticed Maurice
  9942 | D:8      | Killed Maurice
  9942 | D:8      | Reached skill level 5 in Summonings
 10350 | D:8      | Found a sacrificial altar of Ru.
 10400 | D:8      | Reached skill level 7 in Fighting
 10432 | D:8      | Got a bound jade ring
 10434 | D:8      | Identified the ring of Vipnol {+Fly rF+ Int+4 SInv} (You found it on level 8 of the Dungeon)
 10877 | D:8      | Reached * piety under Okawaru
 10877 | D:8      | Reached skill level 5 in Dodging
 10899 | D:8      | Got a sparkling pewter ring
 10924 | D:8      | Found a basalt altar of Yredelemnul.
 10939 | D:8      | Found a sparkling altar of Nemelex Xobeh.
 11007 | D:8      | Found an ornate altar of the Wu Jian Council.
 11016 | D:8      | Found Idghed's Magic Scroll Shop.
 11024 | D:8      | Bought a scroll of identify for 20 gold pieces
 11024 | D:8      | Bought a scroll of identify for 20 gold pieces
 11024 | D:8      | Bought a scroll of identify for 20 gold pieces
 11024 | D:8      | Bought a scroll of magic mapping for 35 gold pieces
 11024 | D:8      | Bought a scroll of magic mapping for 35 gold pieces
 11126 | D:8      | Found a hazy altar of Hepliaklqana.
 11289 | D:9      | Reached skill level 1 in Invocations
 11301 | D:9      | Identified the ring of Surprise {+Blink rPois rC- MP+9 Str+4} (You found it on level 8 of the Dungeon)
 11365 | D:9      | Found an opulent altar of Gozag.
 11398 | D:9      | Noticed a two-headed ogre
 11417 | D:9      | Killed a two-headed ogre
 11417 | D:9      | Reached XP level 10. HP: 86/104 MP: 14/20
 11447 | D:9      | Reached ** piety under Okawaru
 11447 | D:9      | Reached skill level 5 in Maces & Flails
 11997 | D:9      | Reached skill level 8 in Fighting
 12047 | D:9      | Found a shattered altar of Ashenzari.
 12192 | D:9      | Found a glowing silver altar of Zin.
 13000 | D:10     | Entered Level 10 of the Dungeon
 13764 | D:10     | Reached *** piety under Okawaru
 14064 | D:11     | Noticed Nergalle
 14099 | D:11     | Killed Nergalle
 14510 | D:11     | Reached skill level 9 in Fighting
 14510 | D:11     | Reached skill level 5 in Invocations
 14589 | D:11     | Noticed a white ugly thing
 14614 | D:11     | Killed a white ugly thing
 14648 | D:11     | Reached XP level 11. HP: 78/115 MP: 7/21
 15001 | D:11     | Found a staircase to the Orcish Mines.
 15009 | D:11     | Noticed an unseen horror
 15016 | D:11     | Killed an unseen horror
 15241 | D:11     | Reached **** piety under Okawaru
 15291 | D:11     | Found a staircase to the Lair.
 15477 | D:11     | Noticed a hell beast
 15481 | D:11     | Found a basalt altar of Yredelemnul.
 15482 | D:11     | Noticed a hell beast
 15487 | D:11     | Killed a hell beast
 15564 | D:11     | Killed a hell beast
 15564 | D:11     | Reached skill level 10 in Fighting
 15575 | D:11     | Noticed a purple ugly thing
 15592 | D:11     | Killed a purple ugly thing
 15592 | D:11     | Reached ***** piety under Okawaru
 15999 | Lair:1   | Entered Level 1 of the Lair of Beasts
 16065 | Lair:1   | Reached skill level 1 in Evocations
 17407 | Lair:1   | Noticed Gastronok
 17421 | Lair:1   | Killed Gastronok
 17464 | Lair:1   | Learned a level 4 spell: Summon Lightning Spire
 17626 | Lair:1   | Reached XP level 12. HP: 59/128 MP: 9/22
 17895 | Lair:1   | Reached skill level 1 in Air Magic
 18490 | Lair:2   | Received a gift from Okawaru
 18532 | Lair:2   | Reached skill level 11 in Fighting
 19432 | Lair:2   | Noticed a five-headed hydra
 19459 | Lair:2   | Killed a five-headed hydra
 20170 | Lair:3   | Received a gift from Okawaru
 20178 | Lair:3   | Noticed a four-headed hydra
 20188 | Lair:3   | Killed a four-headed hydra
 20407 | Lair:3   | Noticed a four-headed hydra
 20415 | Lair:3   | Killed a four-headed hydra
 20415 | Lair:3   | Reached ****** piety under Okawaru
 20600 | Lair:3   | Found a hole to the Spider Nest.
 21819 | Lair:4   | Received a gift from Okawaru
 21822 | Lair:4   | Got an opalescent robe {god gift}
 21834 | Lair:4   | Identified the +0 robe of the Princess {+Inv rElec rC- Dex+4} (Okawaru gifted it to you on level 4 of the Lair of Beasts)
 21943 | Lair:4   | Identified a scroll of acquirement
 22090 | Lair:4   | Found a staircase to the Swamp.
 22438 | Lair:5   | Noticed a catoblepas
 22445 | Lair:5   | Killed a catoblepas
 22447 | Lair:5   | Reached skill level 12 in Fighting
 22548 | Lair:5   | Noticed Josephine
 22551 | Lair:5   | Noticed a six-headed hydra
 22560 | Lair:5   | Reached XP level 13. HP: 76/140 MP: 16/23
 22958 | Lair:4   | Killed Josephine
 23329 | Lair:5   | Reached skill level 10 in Maces & Flails
 23468 | Lair:5   | Found a staircase to the Slime Pits.
 23670 | Lair:5   | Noticed an entropy weaver
 23673 | Lair:5   | Noticed an entropy weaver
 23680 | Lair:5   | Killed an entropy weaver
 23680 | Lair:5   | Reached skill level 5 in Air Magic
 23682 | Lair:5   | HP: 4/141 [entropy weaver (10)]
 23683 | Lair:5   | Killed an entropy weaver
 23698 | Lair:5   | Slain by a soldier ant

Vault maps used:
D:1:      zaba_arrival_water
D:2:      first_bread
D:5:      grunt_dithmenos_shadows, uniq_menkaure
D:6:      eat_drink_and_be_merry_uskayaw, minitemple, uniq_blork_the_orc
D:7:      lemuel_temple_firewalk_a, grunt_ogre_cave, kennysheep_generic_room_2,
          uniq_joseph
D:8:      kennysheep_little_box, nemelex_xobeh_ov_fountains_minmay,
          lemuel_crystal_altar, yredelemnul_altar_generic, serial_shops, shop,
          nicolae_ru_sacrificial_ziggurat, uniq_maurice
D:9:      zin_academy, grunt_gozag_breadcrumbs, basic_altar
D:11:     erik_lair_dragon, orc_0_dummy, lemuel_hellish_altar, uniq_nergalle
Temple:   minmay_temple_bridge_abc
Lair:1:   grunt_megastairs_3, infiniplex_staircase_pool_2, uniq_gastronok
Lair:2:   bh_chokoban, lemuel_fruit_tree
Lair:3:   nicolae_spider_entry_orb_guardian, minmay_lair_oklob_chamber,
          grunt_megastairs_4
Lair:4:   swamp_mist
Lair:5:   minmay_slime_entry_pillars, basic_altar, wad_woods_antlair,
          uniq_josephine

Skill      XL: |  1  2  3  4  5  6  7  8  9 10 11 12 13 |
---------------+----------------------------------------+-----
Conjurations   | 1 2 3 |  3.9
Spellcasting   | 4 5 6 7 |  7.1
Summonings     | 1 2 3 4 5 7 |  7.6
Fighting       | 1 2 3 4 6 7 9 10 12 | 12.6
Dodging        | 2 3 4 5 6 7 8 |  8.3
Maces & Flails | 1 2 4 7 8 9 10 | 10.2
Invocations    | 2 5 6 |  6.2
Evocations     | 1 3 4 |  4.2
Air Magic      | 4 5 |  5.1
Stealth        | |  1.4
Translocations | |  0.8

Action                   |  1- 3 |  4- 6 |  7- 9 | 10-12 | 13-15 || total
-------------------------+-------+-------+-------+-------+-------++-------
Melee: Hand axe          |    50 |    59 |       |       |       ||   109
       Flail             |       |    26 |    85 |    97 |       ||   208
       Halberd           |       |       |    44 |       |       ||    44
       Giant spiked club |       |       |    43 |   293 |       ||   336
       Mace              |       |       |       |   128 |     4 ||   132
       Great mace        |       |       |       |    49 |       ||    49
       Eveningstar       |       |       |       |    21 |    81 ||   102
       Punch             |       |       |       |     3 |       ||     3
 Fire: Hunting sling     |       |       |    80 |    14 |       ||    94
       Fustibalus        |       |       |       |    28 |       ||    28
 Cast: Magic Dart        |    61 |   111 |   143 |    67 |     1 ||   383
       Call Imp          |     2 |    10 |    41 |    57 |     3 ||   113
       Conjure Flame     |       |     2 |     2 |     2 |       ||     6
       Blink             |       |     1 |     2 |     8 |     7 ||    18
       Mephitic Cloud    |       |       |     9 |    17 |     1 ||    27
       Summon Lightning  |       |       |       |    13 |     4 ||    17
Invok: Heroism           |       |       |       |    10 |     1 ||    11
Evoke: Wand              |       |     4 |     1 |     7 |    11 ||    23
  Use: Potion            |       |     3 |     8 |     3 |     1 ||    15
       Scroll            |       |    10 |    11 |    15 |     4 ||    40
 Stab: Sleeping          |     3 |     1 |       |     2 |       ||     6
       Confused          |       |       |       |     5 |       ||     5
       Distracted        |       |       |       |     5 |       ||     5
  Eat: Chunk             |     4 |     9 |    11 |    30 |     1 ||    55
       Royal jelly       |       |       |     1 |     1 |       ||     2
       Fruit             |       |       |     2 |       |     3 ||     5
       Meat ration       |       |       |     1 |     3 |       ||     4
       Bread ration      |       |       |       |       |     1 ||     1
Armor: Robe              |    20 |    28 |   105 |   152 |    27 ||   332
       Skin              |       |       |    21 |    67 |       ||    88
Dodge: Dodged            |    34 |    67 |   182 |   336 |    69 ||   688
Block: Other             |       |       |       |     3 |     7 ||    10
